[Event "Early-Titled-Tuesday-Blitz-May-28-2024"]
[Site "Chess.com"]
[Date "2024.05.28"]
[Round "6"]
[White "Bauman_Guy"]
[Black "Ginger_GM"]
[Result "1-0"]
[WhiteElo "2927"]
[BlackElo "2741"]
[TimeControl "180+1"]
[EndTime "9:07:48 PDT"]
[Termination "Bauman_Guy won by checkmate"]

1. e4 c5 2. Nf3 d6 3. d4 cxd4 4. Nxd4 Nf6 5. Nc3 g6 6. Be3 Bg7 7. f3 Nc6 8. Qd2 Bd7 9. O-O-O O-O 10. g4 Ne5 11. h4 b5 12. h5 Nxf3 13. Nxf3 Bxg4 14.
h6 Bh8 15. Be2 b4 16. Nd5 Nxe4 17. Qd3 Ng3 18. Rhg1 Bf5 19. Rxg3 Bxd3 20. Bxd3 e6 21. Nxb4 Rb8 22. Nc6 Bxb2+ 23. Kd2 Qc7 24. Nxb8 Rxb8 25. Ke2 d5 26. Rg4 e5 27. Bf5 e4 28. Ne1 Qh2+ 29.
Ng2 Qh5 30. Rxd5 Kh8 31. Be6 f5 32. Kf2 Qxg4 33. Rd7 Qf3+ 34. Kg1 Be5 35. Bb3 a5 36. a4 Qg3 37. Kf1 f4 38. Ba7 f3 39. Ne3 Qh3+ 40. Ke1 Qh1+ 41. Kd2 Rf8 42. Bc5 Qh2+ 43. Kc1 Rc8 44.
Rd5 Qf4 45. Kd2 f2 46. Ke2 Qf3+ 47. Kf1 Bf4 48. Bd4+ Kg8 49. Rd8# 1-0

[Event "Early-Titled-Tuesday-Blitz-May-28-2024"]
[Site "Chess.com"]
[Date "2024.05.28"]
[Round "6"]
[White "kecalk"]
[Black "AradNazari"]
[Result "0-1"]
[WhiteElo "2548"]
[BlackElo "2789"]
[TimeControl "180+1"]
[EndTime "9:07:48 PDT"]
[Termination "AradNazari won on time"]

1. e4 c5 2. Nf3 d6 3. d4 cxd4 4.
Nxd4 Nf6 5. Nc3 a6 6. Bd3 g6 7. f3 Bg7 8. Be3 O-O 9. Qd2 Nc6 10. O-O-O Nxd4 11. Bxd4 Be6 12. g4 b5 13. h4 Qa5 14. g5 Nh5 15. Bxg7 Nxg7 16. h5 b4 17.
Nb1 Nxh5 18. f4 Bxa2 19. Rxh5 gxh5 20. Qh2 f5 21. Qxh5 Bf7 22. Bc4 d5 23. Bxd5 e6 24. g6 Bxg6 25. Rg1 Kg7 26. Bxe6 Qb6 27. Qg5 Qxe6 28. e5 Rad8 29. Nd2 h6 30. Qg3 Kh7 31.
Nf3 Rg8 32. Rh1 Bf7 33. Ng5+ Rxg5 34. Qxg5 Rg8 35. Qh4 Rg4 36. Qf2 h5 37. Kb1 Qh6 38. Qa7 Rg7 39. Qc5 h4 40. Qd4 Rg4 0-1

[Event "Early-Titled-Tuesday-Blitz-May-28-2024"]
[Site "Chess.com"]
[Date "2024.05.28"]
[Round "6"]
[White "LuisFSiles"]
[Black "JonasEilenberg"]
[Result "0-1"]
[WhiteElo "2386"]
[BlackElo "2607"]
[TimeControl "180+1"]
[EndTime "9:07:48 PDT"]
[Termination "JonasEilenberg won by checkmate"]

1. e4 c5 2. Nf3 Nc6 3. c3 Nf6 4.
e5 Nd5 5. d4 cxd4 6. cxd4 d6 7. Bc4 Nb6 8. Bb5 Bd7 9. exd6 e6 10.
Bg5 f6 11. Be3 Bxd6 12. Nc3 Nb4 13. Be2 N4d5 14. O-O O-O 15. Re1 Rc8 16. Bd3 Nxc3 17.
bxc3 Rxc3 18. Rc1 Rxc1 19. Qxc1 Nd5 20. Bd2 Qc7 21. Qb1 f5 22. Ne5 Bxe5 23. Rxe5 Qb6 24.
Qa1 Qd6 25. g3 Rc8 26. Qe1 g6 27. h4 Qb6 28. h5 Qxd4 29. hxg6 Qxd3 30. gxh7+ Kxh7 31. Rxe6 Bxe6 32. Qxe6 Rc7 33. Qh6+ Kg8 34. Qg6+ Kf8 35.
Bh6+ Ke7 36. Bg5+ Kd7 37. Qf7+ Kc6 38. Qe6+ Kb5 39. Qd6 Qb1+ 40. Kh2 Rh7+ 41. Bh4 Rxh4+ 42. gxh4 Qe4 43. Qd7+ Kc4 44. Qxb7 Qxh4+ 45. Kg1 Qg4+ 46. Kf1 Qd1+ 47. Kg2 Qg4+ 48. Kf1 Nf4 49. Qc7+ Kd5 50. Qd7+ Ke4 51. Qd2 Qg2+ 52. Ke1 Qg1# 0-1

[Event "Early-Titled-Tuesday-Blitz-May-28-2024"]
[Site "Chess.com"]
[Date "2024.05.28"]
[Round "6"]
[White "Engima32"]
[Black "MiguelBestard1981"]
[Result "1-0"]
[WhiteElo "2502"]
[BlackElo "2275"]
[TimeControl "180+1"]
[EndTime "9:07:48 PDT"]
[Termination "Engima32 won on time"]

1. Nf3 d5 2. g3 Bf5 3. Bg2 e6 4. d4 h6 5. O-O c6 6. c4 Nd7 7.
Nc3 Ngf6 8. Qb3 Qb6 9. c5 Qxb3 10. axb3 a6 11. b4 Rc8 12. Nd2 Be7 13. Nb3 Bd8 14. Bf4 Bc7 15. Bxc7 Rxc7 16. b5 O-O 17. bxa6 bxa6 18.
Nd2 Rb8 19. b3 e5 20. e3 exd4 21. exd4 Nf8 22. Rfe1 Ne6 23. Ne2 Bd3 24. Nc1 Bb5 25. Nf3 Ne4 26. Bf1 Kf8 27. Bxb5 axb5 28. Nd3 Rcc8 29.
Nb4 Nd8 30. Ne5 f6 31. Nd7+ Kf7 32. Nxb8 Rxb8 33. f3 Ng5 34. Ra7+ Kg6 35. Kg2 Nge6 36. Rd1 Rc8 37. Kf2 Rc7 38. Rxc7 Nxc7 39. Ke3 Kf7 40.
Kd3 Ke7 41. Re1+ Kd7 42. f4 g6 43. g4 Nf7 44. h4 Ne6 45. f5 Nf4+ 46. Kc3 g5 47. h5 Nd8 48. Ra1 Ne2+ 49. Kd3 Nf4+ 50. Kd2 Kc7 51. Ra7+ Nb7 52. Na6+ Kc8 53. Ra8+ Kd7 54.
Rh8 1-0

[Event "Early-Titled-Tuesday-Blitz-May-28-2024"]
[Site "Chess.com"]
[Date "2024.05.28"]
[Round "6"]
[White "FairChess_on_YouTube"]
[Black "MITerryble"]
[Result "1-0"]
[WhiteElo "3097"]
[BlackElo "3026"]
[TimeControl "180+1"]
[EndTime "9:07:49 PDT"]
[Termination "FairChess_on_YouTube won by checkmate"]

1. d4 e6 2. Nf3 Nf6 3. c3 b6 4.
Bf4 Bb7 5. h3 Bd6 6. Ne5 Be7 7. e3 d6 8. Nf3 Nbd7 9. Nbd2 O-O 10.
Bh2 Re8 11. a4 a6 12. Bc4 Bf8 13. O-O Ne4 14. Nxe4 Bxe4 15. Nd2 Bb7 16. f4 f5 17. Qe2 Nf6 18. Bd3 Ne4 19. Nxe4 fxe4 20. Bc2 g6 21. b4 d5 22. a5 Bd6 23. g4 Qd7 24. Qg2 Kh8 25. Bd1 Bc6 26. Be2 Bb5 27. Kh1 Bxe2 28.
Qxe2 b5 29. Qg2 Rf8 30. Bg3 Rf7 31. Rf2 Raf8 32. Raf1 Qc6 33. f5 exf5 34. gxf5 gxf5 35. Bxd6 Qxd6 36. Qg5 Rg7 37. Qh4 Qg6 38. Kh2 c6 39. Qf4 Rfg8 40. Qe5 Qg5 41. Re1 Rf8 42. Ref1 Qxe3 43.
Rg2 Qh6 44. Rxf5 Rg8 45. Rf7 e3 46. Rgxg7 Rxg7 47. Rf8# 1-0

[Event "Early-Titled-Tuesday-Blitz-May-28-2024"]
[Site "Chess.com"]
[Date "2024.05.28"]
[Round "6"]
[White "AldokhinIvan"]
[Black "RedFirePanda"]
[Result "1-0"]
[WhiteElo "2619"]
[BlackElo "2443"]
[TimeControl "180+1"]
[EndTime "9:07:49 PDT"]
[Termination "AldokhinIvan won by checkmate"]

1. e4 d5 2. exd5 Qxd5 3. Nc3 Qd8 4. Nf3 Nf6 5. d4 Bf5 6. Ne5 e6 7. g4 Be4 8. Nxe4 Nxe4 9. Bg2 Nd6 10. O-O Nd7 11. c4 c6 12. Qe2 Be7 13. Bf4 O-O 14. Rad1 Qc8 15. Bg3 Re8 16. f4 Nf8 17. a4 a5 18. c5 f6 19. cxd6 Bxd6 20. Nc4 Bc7 21. Qc2 Qd7 22. Qb3 Rab8 23. f5 b5 24. Nd2 Bxg3 25.
Qxg3 Qxd4+ 26. Kh1 exf5 27. gxf5 bxa4 28. Bxc6 Re3 29. Qxb8 Re2 30. Nf3 Qc5 31. Rd8 g6 32. Bd5+ Kg7 33. Rxf8 Qxd5 34. Rd8 Qe4 35. Qc7+ Kh6 36. Qg3 Re3 37. Qh4+ Kg7 38. Rd7+ Kg8 39. Qxf6 Qd4 40. Qf7+ Kh8 41. Qf8# 1-0

[Event "Early-Titled-Tuesday-Blitz-May-28-2024"]
[Site "Chess.com"]
[Date "2024.05.28"]
[Round "6"]
[White "gabduschew"]
[Black "MikeSailer"]
[Result "1-0"]
[WhiteElo "2316"]
[BlackElo "2063"]
[TimeControl "180+1"]
[EndTime "9:07:49 PDT"]
[Termination "gabduschew won on time"]

1. e4 d5 2. Nf3 dxe4 3. Ng5 Bf5 4. Bc4 e6 5. d3 Nf6 6. O-O Nc6 7. Nc3 exd3 8.
cxd3 Bd6 9. Be3 O-O 10. h3 Ne5 11. Qe2 Nxc4 12. dxc4 c6 13. Rad1 Qc7 14. b3 b6 15. Nf3 Rad8 16. Nd4 Bg6 17. f4 Rfe8 18. Qf3 Bb4 19. Qxc6 Qxc6 20. Nxc6 Rxd1 21. Nxd1 Bc5 22.
Bxc5 bxc5 23. Nc3 Ne4 24. Nxe4 Bxe4 25. Nxa7 Ra8 26. Nb5 Rxa2 27. Rf2 Ra1+ 28. Kh2 Rb1 29. Nc3 Re1 30. Rd2 g6 31. Na4 Rf1 32. Nxc5 Bf5 33. g4 Bb1 34. Kg3 Rg1+ 35. Kf2 Rh1 36. Kg2 Rc1 37. Kf2 Rc3 38. Rb2 Bc2 39. b4 Rxc4 40. Nd7 Be4 41. b5 Bb7 42. b6 Rd4 43. Ne5 1-0

[Event "Early-Titled-Tuesday-Blitz-May-28-2024"]
[Site "Chess.com"]
[Date "2024.05.28"]
[Round "6"]
[White "kingofthenil"]
[Black "KubaGepard"]
[Result "0-1"]
[WhiteElo "2905"]
[BlackElo "2591"]
[TimeControl "180+1"]
[EndTime "9:07:50 PDT"]
[Termination "KubaGepard won on time"]

1. Nf3 d5 2. e3 Nf6 3. c4 dxc4 4. Bxc4 c5 5. O-O Nc6 6. b3 e6 7. Bb2 a6 8. d4 cxd4 9. Nxd4 Bd7 10. Nd2 Nxd4 11.
Bxd4 Be7 12. Nf3 b5 13. Be2 Bc6 14. Ne5 Bb7 15. Bf3 Bxf3 16. Qxf3 Qd5 17. Rfc1 Qxf3 18. gxf3 O-O 19. a4 Nd5 20. Nc6 Bd6 21. Bc5 Bxc5 22.
Rxc5 f5 23. Nd4 bxa4 24. Rxa4 Rf6 25. Rc6 e5 26. Rxf6 gxf6 27. Nxf5 Kf7 28. Nd6+ Ke7 29.
Ne4 a5 30. Kf1 h6 31. Nc5 Nc3 32. Rh4 Rc8 33. Nb7 Rb8 34. Nxa5 Rb5 35. b4 Nd5 36.
Rxh6 Nxb4 37. Nc4 Nd5 38. h4 Rb4 39. Nd2 Rb2 40. Ne4 Kf7 41. h5 Kg7 42. Rg6+ Kf7 43. Nd6+ Ke6 44. Ne8 Kf7 45. Nd6+ Ke6 46. h6 Rb8 47.
Ne4 Rh8 48. h7 Kf5 0-1

[Event "Early-Titled-Tuesday-Blitz-May-28-2024"]
[Site "Chess.com"]
[Date "2024.05.28"]
[Round "6"]
[White "Bilan_Danila"]
[Black "Sl4werThanYou"]
[Result "0-1"]
[WhiteElo "2542"]
[BlackElo "2737"]
[TimeControl "180+1"]
[EndTime "9:07:50 PDT"]
[Termination "Sl4werThanYou won by resignation"]

1. d4 Nf6 2. Nf3 e6 3. g3 d5 4. Bg2 Bd6 5. O-O h6 6. c4 O-O 7. Qc2 Nc6 8. Nbd2 b6 9. e4 dxe4 10. Nxe4 Bb7 11. Nxd6 cxd6 12. Bf4 Rc8 13. b3 d5 14.
Rac1 dxc4 15. bxc4 Na5 16. Qe2 Ba6 17. Ne5 Qxd4 18. Rfd1 Qc5 19. Nd3 Bxc4 20. Qf3 Qa3 21. Ne5 Qxf3 22. Bxf3 Bxa2 23. Ra1 Bd5 24. Be2 Nb3 25.
Rxa7 Ne4 26. Bf3 Nc3 27. Bxd5 Nxd5 28. Rf1 Nxf4 29. gxf4 Nc5 30. Re7 b5 31. Ra7 b4 32.
Rb1 b3 33. Ra5 Rfd8 34. Kg2 Rd2 35. Rb5 Ne4 36. R5xb3 Rxf2+ 37. Kh3 Rxf4 38. Rb8 Rxb8 39. Rxb8+ Kh7 40. Nd7 g5 41. Nf8+ Kg7 42. Nd7 h5 43.
Kg2 Rf2+ 44. Kg1 Rd2 45. Rb7 Nd6 46. Ra7 Rd5 47. Nb6 Rd1+ 48. Kg2 h4 49. Nd7 Nb5 50. Rb7 Nd6 51. Ra7 Rd2+ 52. Kh3 Nc4 53.
Nc5 Kf6 54. Nd7+ Kf5 55. Nf8 f6 56. Rc7 Ne5 57. Nh7 Rd3+ 58. Kg2 h3+ 59. Kf2 Ng4+ 60. Ke2 Re3+ 61. Kd2 Re5 62. Rc3 Nxh2 63. Rxh3 Nf1+ 64. Kc3 g4 65. Rh5+ Kf4 66. Rxe5 Kxe5 67. Nf8 g3 68. Ng6+ Ke4 69. Nh4 Ne3 70. Kd2 g2 71. Nxg2 Nxg2 72. Ke2 Nf4+ 0-1

[Event "Early-Titled-Tuesday-Blitz-May-28-2024"]
[Site "Chess.com"]
[Date "2024.05.28"]
[Round "6"]
[White "GMthekingindian"]
[Black "Kotofeyca"]
[Result "0-1"]
[WhiteElo "2349"]
[BlackElo "2517"]
[TimeControl "180+1"]
[EndTime "9:07:51 PDT"]
[Termination "Kotofeyca won on time"]

1. d4 d5 2. Nf3 c6 3. g3 Bg4 4. Bg2 Nd7 5. c4 e6 6. Nc3 Bd6 7. Qb3 Rb8 8. e4 dxe4 9. Nxe4 Bc7 10. O-O Ndf6 11. Nc5 Bxf3 12. Qxf3 Qxd4 13. Nxb7 Ne7 14.
Be3 Qxc4 15. Nc5 Rxb2 16. Rfc1 Rc2 17. Nb3 O-O 18. Bxa7 Be5 19. Rab1 Ned5 20. Bf1 Rxc1 21. Rxc1 Qa4 22. Bc5 Ra8 23. a3 Rb8 24. Nd2 h6 25. Nc4 Bc7 26. Bd3 Rb3 27. Qd1 Qb5 28. Bc2 Rc3 29. Nd6 Qxc5 30. Ne4 Qc4 31. Nxc3 Nxc3 32. Qf1 Ne2+ 33. Kg2 Qd5+ 34. f3 Nxc1 35. Qxc1 Qb5 36. a4 Qa5 37. Qb2 Nd5 38. Bb1 g6 39. h3 Qxa4 40. Bc2 Qb5 41. Qc1 Qe2+ 42. Kh1 Bb6 43. Be4 Qf2 0-1

[Event "Early-Titled-Tuesday-Blitz-May-28-2024"]
[Site "Chess.com"]
[Date "2024.05.28"]
[Round "6"]
[White "MNyuyu"]
[Black "Shuvalov"]
[Result "0-1"]
[WhiteElo "2330"]
[BlackElo "2586"]
[TimeControl "180+1"]
[EndTime "9:07:52 PDT"]
[Termination "Shuvalov won by resignation"]

1. d4 Nf6 2. Nf3 g6 3. c4 Bg7 4.
Nc3 d5 5. cxd5 Nxd5 6. e4 Nxc3 7.
bxc3 c5 8. h3 Qa5 9. Bd2 O-O 10.
Be2 Rd8 11. O-O Qc7 12. Be3 Nd7 13. Qd2 e5 14. d5 c4 15. Rab1 a6 16. a4 Rb8 17. a5 Qxa5 18. Bxc4 Nc5 19. Qc2 Bd7 20. d6 Be6 21. Ra1 Qb6 22. Bxe6 fxe6 23. Rab1 Qc6 24. Bxc5 Qxc5 25. Rfd1 Rxd6 26. Rxd6 Qxd6 27. Rd1 Qc6 28. Qd3 Bf6 29. Nh2 Rd8 30. Qe2 Rxd1+ 31. Qxd1 h5 32. Nf3 a5 33. Qd2 Kg7 34. Qd3 b5 35. g4 hxg4 36.
hxg4 g5 37. Qe3 Kg6 38. Qa7 Qxe4 39. Nh2 a4 40. Qb8 Kf7 41. Qxb5 a3 42. Qa5 Be7 43.
Qa7 Qb1+ 44. Kg2 a2 45. Nf3 a1=Q 46. Nxe5+ Kf6 47. Nd7+ Kg7 48. Qd4+ Kh7 49. Nf6+ Bxf6 50. Qxf6 Qe4+ 0-1

[Event "Early-Titled-Tuesday-Blitz-May-28-2024"]
[Site "Chess.com"]
[Date "2024.05.28"]
[Round "6"]
[White "Al_Shima"]
[Black "N_I_Chess"]
[Result "1-0"]
[WhiteElo "2489"]
[BlackElo "2234"]
[TimeControl "180+1"]
[EndTime "9:07:52 PDT"]
[Termination "Al_Shima won on time"]

1. b3 d5 2. Bb2 Bf5 3. e3 f6 4.
f4 c5 5. Nf3 Nc6 6. g3 e6 7.
Bg2 Bd6 8. O-O h5 9. d3 Qd7 10. Nbd2 Bg6 11. Qe2 O-O-O 12. e4 Kb8 13. Rae1 Bc7 14. Bh3 d4 15. a4 h4 16. Nxh4 Bh5 17.
Bg4 Bf7 18. Nc4 Nge7 19. e5 f5 20. Bf3 Rh6 21. Ba3 b6 22. Kf2 Rdh8 23. Rh1 Nd5 24.
Bxd5 Qxd5 25. Qf3 Qd7 26. a5 Bh5 27. Qg2 Be8 28. axb6 axb6 29. Nf3 Qd5 30. Ng5 Qd7 31. h4 Bd8 32. Nd6 Kc7 33. Nxe8+ Rxe8 34. g4 g6 35. Nf3 Reh8 36. g5 Rh5 37. Bc1 Kb8 38. Bd2 Ne7 39. Ra1 Nd5 40. Ra6 Qb7 41. Rha1 Bc7 42. b4 cxb4 43. Be1 Ne3 44. Qh1 Rxh4 45. Ra8+ Qxa8 46. Rxa8+ Kxa8 47. Nxh4+ Nd5 48. Ke2 Kb8 49. Qf3 b5 50. Nxg6 Rh2+ 51. Bf2 1-0

[Event "Early-Titled-Tuesday-Blitz-May-28-2024"]
[Site "Chess.com"]
[Date "2024.05.28"]
[Round "6"]
[White "FoggyMorning"]
[Black "MVM2008"]
[Result "0-1"]
[WhiteElo "2639"]
[BlackElo "2514"]
[TimeControl "180+1"]
[EndTime "9:07:53 PDT"]
[Termination "MVM2008 won by checkmate"]

1. e4 e5 2. Nf3 Nf6 3. Nxe5 Nc6 4. Nxc6 dxc6 5. d3 Bc5 6. Be2 h5 7. h3 Qd4 8. Rf1 Be6 9. Nd2 O-O-O 10. c3 Qd7 11. Qc2 Rhe8 12. Nb3 Bb6 13. Bg5 c5 14. e5 Bf5 15. O-O-O Rxe5 16. c4 Qe7 17. Rfe1 a5 18. f4 Re3 19. g4 Bxd3 20. Rxd3 Rexd3 21. f5 a4 22. Na1 Ba5 23. Qxa4 Bxe1 24. Qa8+ Kd7 25.
Qa4+ c6 26. Bxd3 Bg3 27. Qb3 Qe1+ 28. Kc2 Kc7 29. Qc3 Qxc3+ 30. Kxc3 hxg4 31. Bxf6 gxf6 32. hxg4 Be5+ 33. Kc2 Rd4 34. Be2 Re4 35. Kd1 Bxb2 36. Nb3 Bd4 37. Nd2 Re3 38. Nf3 Ra3 39. g5 fxg5 40.
Nxg5 f6 41. Ne6+ Kd6 42. Nd8 b5 43. cxb5 cxb5 44. Bxb5 Rxa2 45. Nf7+ Kd5 46. Bd7 Ra1+ 47. Kc2 Ra2+ 48. Kd1 Rb2 49. Be6+ Ke4 50. Nd6+ Kd3 51.
Nc4 Rb1# 0-1

[Event "Early-Titled-Tuesday-Blitz-May-28-2024"]
[Site "Chess.com"]
[Date "2024.05.28"]
[Round "6"]
[White "Malev212"]
[Black "eagleclaw07"]
[Result "0-1"]
[WhiteElo "2638"]
[BlackElo "2840"]
[TimeControl "180+1"]
[EndTime "9:07:54 PDT"]
[Termination "eagleclaw07 won on time"]

1. e4 Nf6 2. e5 Nd5 3. d4 d6 4. Nf3 dxe5 5. Nxe5 c6 6. Bc4 g6 7. O-O Bg7 8. Re1 O-O 9. Bb3 Nd7 10. Nf3 Re8 11.
Bg5 h6 12. Bh4 N7f6 13. h3 a5 14. c4 Nc7 15. Nc3 g5 16. Bg3 Bf5 17. Ne5 Ne6 18.
c5 Rf8 19. Nxf7 Kxf7 20. Qf3 Kg6 21. Bxe6 Bxe6 22. Rxe6 Qxd4 23. Rxe7 Nd5 24. Qe4+ Qxe4 25. Rxe4 Nxc3 26. bxc3 Rfe8 27. Rc4 Rad8 28. Rb1 Rd7 29. a4 Re2 30. Bd6 Rf7 31. f3 Rc2 32.
Rb3 h5 33. Re4 h4 34. Re3 Bf6 35. Re4 Kh5 36. c4 Ra2 37. Rg4 Rxa4 38. f4 gxf4 39. Rxf4 Rb4 40. Rbf3 Kg6 41. Be5 Bxe5 42. Rxf7 a4 43.
Re7 Bd4+ 44. Kh2 Bxc5 45. Re2 Kg7 0-1

[Event "Early-Titled-Tuesday-Blitz-May-28-2024"]
[Site "Chess.com"]
[Date "2024.05.28"]
[Round "6"]
[White "Iskusnyh"]
[Black "ccccvhhhj"]
[Result "1-0"]
[WhiteElo "2617"]
[BlackElo "2465"]
[TimeControl "180+1"]
[EndTime "9:07:55 PDT"]
[Termination "Iskusnyh won on time"]

1. d4 Nf6 2. c4 e6 3. g3 d5 4. Bg2 c6 5. Nf3 g6 6. b3 Bg7 7. Ba3 a5 8. O-O Na6 9. Nbd2 Nb4 10. Ne5 O-O 11. Nd3 Qb6 12. Nxb4 axb4 13. Bb2 Rd8 14. c5 Qc7 15. f4 Ng4 16. Rf3 b6 17. h3 bxc5 18.
hxg4 cxd4 19. a4 c5 20. Rc1 Qb6 21. Rf2 Ba6 22. Nf3 Rac8 23. g5 Qd6 24. Qd2 Rc7 25. Rff1 Rdc8 26. Rfd1 Qb6 27. Kh2 Qd6 28. Bh3 Rc6 29.
Rc2 R6c7 30. Rdc1 Qb6 31. Ne5 Qd6 32. Ng4 e5 33. Nxe5 Bxe5 34. fxe5 Qxe5 35. Bxc8 Rxc8 36. Bxd4 Qe4 37. Rxc5 Re8 38. e3 Qg4 39. Qf2 Qh5+ 40. Kg1 Qxg5 41. Qf4 Qe7 42. Rc7 Qe6 43. Qf6 Qxf6 44.
Bxf6 Bd3 45. Rc8 Kf8 46. Bg7+ Kxg7 47. Rxe8 Be4 48. Rxe4 dxe4 49. a5 1-0

[Event "Early-Titled-Tuesday-Blitz-May-28-2024"]
[Site "Chess.com"]
[Date "2024.05.28"]
[Round "6"]
[White "BogdanDeac"]
[Black "Aygehovit1992"]
[Result "1-0"]
[WhiteElo "3121"]
[BlackElo "2821"]
[TimeControl "180+1"]
[EndTime "9:07:56 PDT"]
[Termination "BogdanDeac won by checkmate"]

1. e4 c5 2. Nf3 e6 3. h3 Nc6 4. Bb5 Nge7 5. O-O a6 6. Be2 d5 7.
exd5 exd5 8. d4 c4 9. b3 b5 10. a4 Bf5 11. Nh4 Be6 12. Re1 g6 13. Nf3 Bg7 14. c3 O-O 15. axb5 axb5 16. Rxa8 Qxa8 17.
Ba3 Re8 18. Bc5 Qa2 19. Nbd2 h6 20. Bf1 Qb2 21. Qa1 Qxa1 22. Rxa1 b4 23. cxb4 c3 24. Nb1 c2 25. Na3 Bf5 26. Rc1 Be4 27. Nxc2 Nf5 28. Bb5 Rc8 29. Bxc6 Rxc6 30. b5 Rc8 31. b6 Bxf3 32. gxf3 Bxd4 33. Nxd4 Nxd4 34. b7 Nxf3+ 35.
Kg2 Nh4+ 36. Kf1 Rb8 37. Bd4 g5 38. Rc7 Kh7 39. Ba7 Rxb7 40. Rxb7 Kg6 41. Bc5 f5 42.
Be3 f4 43. Bc1 Nf3 44. b4 d4 45. b5 d3 46. Rd7 Ne5 47. Rd5 Kf5 48. b6 Ke4 49. Rxe5+ Kxe5 50. b7 Ke4 51. b8=Q Kf3 52. Qb7# 1-0

[Event "Early-Titled-Tuesday-Blitz-May-28-2024"]
[Site "Chess.com"]
[Date "2024.05.28"]
[Round "6"]
[White "BardArtem"]
[Black "Shushik"]
[Result "1-0"]
[WhiteElo "2803"]
[BlackElo "2561"]
[TimeControl "180+1"]
[EndTime "9:07:57 PDT"]
[Termination "BardArtem won by resignation"]

1. Nf3 Nf6 2. b3 d5 3. Bb2 e6 4. e3 Bd6 5. c4 b6 6. Nc3 Bb7 7. cxd5 exd5 8. Rc1 a6 9. Ne2 Nbd7 10. Ng3 g6 11. Be2 O-O 12. Qc2 Qe7 13. Qb1 Ne5 14. Qa1 Nfd7 15. Nxe5 Nxe5 16. f4 Nd7 17. O-O Rac8 18.
Bf3 Ba3 19. Bxa3 Qxa3 20. Bg4 Qd6 21. Bxd7 Qxd7 22. f5 Rfe8 23. fxg6 hxg6 24. Rf4 Qd6 25. Rcf1 Re7 26. Rh4 Qe5 27. Qd1 Rd8 28. Qg4 Bc8 29. Qf3 Qg7 30. Ne2 c5 31. Nf4 d4 32.
Nd5 Re5 33. Nf6+ Kf8 34. Rh7 Rf5 35. Rxg7 Kxg7 36. Qg3 Rxf1+ 37. Kxf1 Kxf6 38. Qc7 Rh8 39. Qxb6+ Kg7 40. Qxc5 Bf5 41. Qxd4+ f6 42. h3 Rc8 43.
Kg1 Rc2 44. g4 Rc1+ 45. Kf2 Be6 46. g5 1-0

[Event "Early-Titled-Tuesday-Blitz-May-28-2024"]
[Site "Chess.com"]
[Date "2024.05.28"]
[Round "6"]
[White "Massakru"]
[Black "rollercoaster29"]
[Result "0-1"]
[WhiteElo "2370"]
[BlackElo "2542"]
[TimeControl "180+1"]
[EndTime "9:07:57 PDT"]
[Termination "rollercoaster29 won by resignation"]

1. e4 e5 2. Nf3 Nc6 3. d4 exd4 4. Nxd4 Bc5 5. Nb3 Bb6 6. Nc3 Nge7 7. Qe2 O-O 8. Bg5 f6 9. Bh4 d6 10. O-O-O Be6 11.
f4 a5 12. a3 a4 13. Nd2 Ba5 14. Qd3 Qe8 15. Nc4 Qf7 16. Nxa5 Nxa5 17. Nb5 Nec6 18. Qc3 Bc4 19. Nxc7 Rac8 20. Nd5 Bxd5 21. Rxd5 Nb3+ 22. cxb3 Nb4 23. axb4 Rxc3+ 24. bxc3 a3 25. Bc4 Kh8 26. Rxd6 Qc7 27. Rhd1 b5 28. Rd7 Qc8 29.
R1d4 bxc4 30. bxc4 Qa6 31. Kb1 Qa4 32. Rd8 Kg8 33. e5 Qb3+ 34. Kc1 Qb2+ 35. Kd1 a2 36. Rxf8+ Kxf8 37. Rd8+ Ke7 38. Ra8 a1=Q+ 39. Rxa1 Qxa1+ 40. Kc2 Qa2+ 41. Kd3 Qxg2 42. exf6+ gxf6 43. Bg3 Qf3+ 44.
Kd4 Kd6 45. c5+ Kc6 46. c4 Qd1+ 47. Kc3 Qc1+ 48. Kd3 Qa3+ 49. Kd4 Qxb4 50. f5 Qxc5+ 51. Kd3 Qxf5+ 0-1

[Event "Early-Titled-Tuesday-Blitz-May-28-2024"]
[Site "Chess.com"]
[Date "2024.05.28"]
[Round "6"]
[White "Tagir45"]
[Black "FlemingA"]
[Result "1-0"]
[WhiteElo "2635"]
[BlackElo "2474"]
[TimeControl "180+1"]
[EndTime "9:07:58 PDT"]
[Termination "Tagir45 won by checkmate"]

1. e4 Nc6 2. Nf3 g6 3. d4 d6 4. c4 Bg7 5. Nc3 e5 6. d5 Nd4 7.
Nxd4 exd4 8. Nb5 Qe7 9. f3 f5 10. Nxd4 fxe4 11. f4 Nf6 12. Be2 O-O 13. O-O Bd7 14.
f5 gxf5 15. Nxf5 Bxf5 16. Rxf5 Nd7 17. Rxf8+ Rxf8 18. Be3 Ne5 19. Qc2 Ng6 20. g3 Qe5 21. Rf1 Rxf1+ 22. Bxf1 Qxb2 23. Qxe4 Qe5 24. Qd3 Qc3 25.
Qxc3 Bxc3 26. Kf2 Ne5 27. Be2 Ba5 28. c5 dxc5 29. Bxc5 Bb6 30. Bxb6 axb6 31. Ke3 Kf8 32. Ke4 Nf7 33. Kf5 Ke7 34. h4 Kd6 35. Kf6 Ne5 36.
Kg7 Kxd5 37. Kxh7 c5 38. h5 c4 39. h6 c3 40. Bd1 Nf7 41. Kg7 Nxh6 42. Kxh6 Ke5 43.
g4 Kf4 44. g5 Kf5 45. g6 Kf6 46.
g7 Kf7 47. Bb3+ Kf6 48. g8=Q Ke5 49. Kg5 Kd4 50. Kf4 Kd3 51. Qd5+ Ke2 52. Bc4+ Kf2 53.
Qf3+ Ke1 54. Qe2# 1-0

[Event "Early-Titled-Tuesday-Blitz-May-28-2024"]
[Site "Chess.com"]
[Date "2024.05.28"]
[Round "6"]
[White "Shankland"]
[Black "Adar_07"]
[Result "1-0"]
[WhiteElo "2989"]
[BlackElo "2769"]
[TimeControl "180+1"]
[EndTime "9:08:00 PDT"]
[Termination "Shankland won by resignation"]

1. e4 e5 2. Nf3 Nc6 3. Bb5 Nf6 4. d3 Bc5 5. Nbd2 O-O 6. Ba4 d6 7. O-O Nd4 8. c3 Nxf3+ 9. Nxf3 Bg4 10. h3 Bh5 11. Bc2 Bb6 12. Re1 Qd7 13. a4 c6 14.
a5 Bc7 15. b4 d5 16. Be3 Rad8 17. Qe2 a6 18. Rad1 Rfe8 19. Rd2 h6 20. Rdd1 d4 21. cxd4 exd4 22. Bc1 Nd5 23. Bd2 Bf4 24. Bb3 Bxd2 25. Qxd2 Nc3 26. Qf4 Nxd1 27. Rxd1 Qd6 28. Qxd6 Rxd6 29.
g4 Bg6 30. Nd2 Kh7 31. f4 Kg8 32. f5 Bh7 33. Kf2 Kf8 34. Nf3 f6 35. Nh4 Re5 36. Bc4 Rd8 37. Rc1 Re7 38. Kg3 Re5 39. Kf4 Ke7 40. Nf3 Kd6 41. Nxe5 fxe5+ 42. Kg3 Rb8 43. h4 b5 44. axb6 Rxb6 45. g5 hxg5 46. hxg5 Rb8 47. Rh1 Bg8 48. Rh8 Bxc4 49. Rxb8 Bxd3 50. Kf3 Bc2 51. g6 Bd1+ 52. Kf2 Ke7 53. Rb7+ Kf8 54. Rf7+ Kg8 55. Rc7 Kf8 56. Rxc6 1-0

[Event "Early-Titled-Tuesday-Blitz-May-28-2024"]
[Site "Chess.com"]
[Date "2024.05.28"]
[Round "6"]
[White "xasid81"]
[Black "artin10862"]
[Result "1-0"]
[WhiteElo "2590"]
[BlackElo "3043"]
[TimeControl "180+1"]
[EndTime "9:08:01 PDT"]
[Termination "xasid81 won by resignation"]

1. d4 Nf6 2. Nf3 d5 3. c3 c6 4. Bf4 Bg4 5. Nbd2 e6 6. Ne5 Bf5 7. e3 h6 8. Bd3 Bxd3 9. Nxd3 Nbd7 10. O-O Be7 11. Qe2 O-O 12. e4 a5 13. h3 a4 14.
a3 c5 15. e5 Ne8 16. c4 dxc4 17. Nxc4 cxd4 18. Qe4 Nb6 19. Rac1 Nd5 20. Rfd1 b5 21. Nd2 Nxf4 22. Nxf4 g5 23. Nh5 Ng7 24. Nxg7 Kxg7 25. Nf3 Qb6 26. Qxd4 Qxd4 27. Nxd4 Rfb8 28. Rc7 Kf8 29. Nc6 Rc8 30. Rxe7 Rxc6 31. Rdd7 Rac8 32. Rxf7+ Ke8 33. Rde7+ Kd8 34. Rb7 R8c7 35. Rfxc7 Rxc7 36. Rxb5 Rc2 37. g3 Ke7 38. Kg2 Kf7 39. Rb4 Kg6 40. Rxa4 Rxb2 41. Re4 Kf5 42. Re3 h5 43. Re1 Ra2 44.
Re3 Rb2 45. Kf3 g4+ 46. hxg4+ hxg4+ 47. Kg2 Ra2 48. Kf1 Rb2 49. Ke1 Ra2 50. Kf1 Rb2 51. Re2 Rb1+ 52. Re1 Ra1 53. Rxa1 1-0

[Event "Early-Titled-Tuesday-Blitz-May-28-2024"]
[Site "Chess.com"]
[Date "2024.05.28"]
[Round "6"]
[White "kekic76"]
[Black "Dewarfd"]
[Result "1-0"]
[WhiteElo "2345"]
[BlackElo "2128"]
[TimeControl "180+1"]
[EndTime "9:08:01 PDT"]
[Termination "kekic76 won on time"]

1. c4 c5 2. Nc3 g6 3. Nf3 Nf6 4. g3 Bg7 5. Bg2 d6 6. O-O O-O 7.
d3 Nc6 8. Bd2 Nd7 9. Qc1 Nd4 10.
Nxd4 cxd4 11. Nd5 e6 12. Nb4 Rb8 13. Bh6 a5 14. Nc2 e5 15. Bxg7 Kxg7 16. Na3 Nc5 17.
Nb5 Qe7 18. Qd2 b6 19. Rab1 Bb7 20. b4 axb4 21. Rxb4 Bxg2 22. Kxg2 Ra8 23. a3 Ra5 24. Rfb1 Rfa8 25. e3 dxe3 26. Qxe3 f5 27. d4 Ne4 28.
dxe5 dxe5 29. Qxb6 Nd2 30. R1b2 Nxc4 31. Rxc4 R5a6 32. Qc7 Qxc7 33. Nxc7 Ra4 34. Ne6+ Kf6 35. Rc6 R8a6 36. Nc5+ Rxc6 37. Nxa4 Ra6 38. Rb4 e4 39. Kf1 g5 40. Ke2 Ke5 41. Rb5+ Kd4 42. Rb4+ Ke5 43. Nb2 f4 44. gxf4+ gxf4 45. Nc4+ Kf5 46. Rb5+ Kg4 47. Ne5+ Kf5 48. Nc4+ Kg4 49. h3+ Kxh3 50. Rh5+ Kg4 51.
Rxh7 Ra4 52. Rc7 f3+ 53. Ke3 Kh3 54. Rh7+ Kg2 55. Rc7 Kf1 56. Nd2+ Kg2 57. Rc3 Kg1 58.
Nxe4 1-0